[ PARTIDA AOE2 · #482650888 ]
UnrankedIncas vs Khmer
[ ANÁLISIS DE REPETICIÓN · EXTRAÍDO DE LA PARTIDA GRABADA ]
Feudal
10:39
Castillos
25:09
Imperial
—
| APM promedio | 24.0 |
| APM pico | 52 |
| eAPM promedio | 12.5 |
| Aldeanos / militares | 85 / 24 |
Foco
⚔️ 20.2% · 🌾 79.8%
Skirmisher ×22 · Unknown (2550) ×6 · Archer ×2
Feudal
12:55
Castillos
17:20
Imperial
—
| APM promedio | 26.3 |
| APM pico | 47 |
| eAPM promedio | 18.9 |
| Aldeanos / militares | 73 / 25 |
Foco
⚔️ 14.3% · 🌾 85.7%
Spearman ×20 · Fishing Ship ×6 · Mangonel ×3 · Monk ×2
Feudal
10:34
Castillos
14:11
Imperial
—
| APM promedio | 34.6 |
| APM pico | 110 |
| eAPM promedio | 17.2 |
| Aldeanos / militares | 138 / 47 |
Foco
⚔️ 20.3% · 🌾 79.7%
Ballista Elephant ×47
Feudal
11:22
Castillos
15:26
Imperial
32:01
| APM promedio | 54.7 |
| APM pico | 98 |
| eAPM promedio | 37.9 |
| Aldeanos / militares | 140 / 69 |
Foco
⚔️ 59.5% · 🌾 40.5%
Knight ×56 · Fishing Ship ×25 · Monk ×7 · Trebuchet (Packed) ×6
Feudal
14:58
Castillos
—
Imperial
—
| APM promedio | 22.9 |
| APM pico | 58 |
| eAPM promedio | 11.7 |
| Aldeanos / militares | 74 / 0 |
Foco
⚔️ 13.3% · 🌾 86.7%
Fishing Ship ×4
Feudal
10:38
Castillos
15:29
Imperial
31:24
| APM promedio | 36.1 |
| APM pico | 71 |
| eAPM promedio | 20.8 |
| Aldeanos / militares | 128 / 63 |
Foco
⚔️ 21.2% · 🌾 78.8%
Knight ×44 · Flemish Militia ×7 · Coustillier ×6 · Fishing Ship ×3 · Trebuchet (Packed) ×3 · Scorpion ×2
Feudal
12:02
Castillos
19:46
Imperial
—
| APM promedio | 38.1 |
| APM pico | 106 |
| eAPM promedio | 18.5 |
| Aldeanos / militares | 101 / 66 |
Foco
⚔️ 16.2% · 🌾 83.8%
Conquistador ×42 · Spearman ×17 · Scout Cavalry ×6 · Missionary ×1
Feudal
12:03
Castillos
17:03
Imperial
—
| APM promedio | 28.9 |
| APM pico | 103 |
| eAPM promedio | 17.6 |
| Aldeanos / militares | 85 / 40 |
Foco
⚔️ 19.8% · 🌾 80.2%
Spearman ×20 · Battering Ram ×13 · Boyar ×6 · Fishing Ship ×3 · Demolition Raft ×1
Mapa de la partida
Recursos iniciales + cada clic de construcción. Líneas = muros · curvas = relieve. ◆ oro · ⬟ piedra · ● bayas · ✦ reliquia · ◌ hueco del cierre
Tu base· ✓ Cerrada en 25:09 · 64t muro · 2 puerta(s)
Base de Rayno· Abierta — flanco sin cerrar
Base de Günyüzü· ✓ Cerrada en 14:11 · 0t muro · sin puerta
Base de KIV.4dd44· Abierta — flanco sin cerrar
Base de bzrl· Abierta — el rival se encerró
Base de Yellowping· Abierta — flanco sin cerrar
Base de tarkanfb7· ✓ Cerrada en 19:46 · 0t muro · sin puerta
Base de akturan· ✓ Cerrada en 17:03 · 9t muro · sin puerta
Terreno inicial suavizado · ◌ = hueco del cierre detectado · pasá el cursor para detalles
Inputs por minuto
— Mezsar - - Rayno
Build order — Mezsar
Primeras 150 de 242 acciones detectadas
| 0:02 | Construir | House |
| 0:02 | Crear | Villager (Male) |
| 0:05 | Investigar | Loom |
| 0:07 | Crear | Villager (Male) |
| 0:08 | Crear | Villager (Male) |
| 0:08 | Crear | Villager (Male) |
| 1:16 | Crear | Villager (Male) |
| 1:17 | Crear | Villager (Male) |
| 2:17 | Crear | Villager (Male) |
| 2:17 | Crear | Villager (Male) |
| 2:40 | Crear | Villager (Male) |
| 2:46 | Crear | Villager (Male) |
| 3:21 | Crear | Villager (Male) |
| 3:22 | Crear | Villager (Male) |
| 3:45 | Crear | Villager (Male) |
| 4:19 | Crear | Villager (Male) |
| 4:42 | Construir | Settlement |
| 4:45 | Crear | Villager (Male) |
| 5:00 | Construir | House |
| 5:59 | Crear | Villager (Male) |
| 6:19 | Crear | Villager (Male) |
| 6:24 | Crear | Villager (Male) |
| 6:39 | Crear | Villager (Male) |
| 6:50 | Crear | Villager (Male) |
| 7:27 | Crear | Villager (Male) |
| 8:01 | Investigar | Feudal Age |
| 8:48 | Construir | Barracks |
| 9:32 | Crear | Unit 2550 |
| 9:39 | Crear | Unit 2550 |
| 10:38 | Crear | Unit 2550 |
| 10:39 | Edad | Edad Feudal |
| 10:49 | Construir | Watch Tower |
| 10:55 | Investigar | Tech 1402 |
| 11:01 | Crear | Villager (Male) |
| 11:32 | Crear | Villager (Male) |
| 11:37 | Investigar | Arson |
| 11:59 | Crear | Villager (Male) |
| 12:06 | Construir | Settlement |
| 12:10 | Crear | Villager (Male) |
| 12:15 | Crear | Unit 2550 |
| 12:54 | Crear | Villager (Male) |
| 12:59 | Construir | Settlement |
| 13:23 | Crear | Villager (Male) |
| 13:42 | Crear | Villager (Male) |
| 14:05 | Crear | Villager (Male) |
| 14:25 | Construir | Archery Range |
| 14:36 | Crear | Unit 2550 |
| 14:46 | Construir | Watch Tower |
| 14:54 | Crear | Unit 2550 |
| 14:56 | Crear | Villager (Male) |
| 15:13 | Construir | Palisade Wall |
| 15:14 | Construir | Palisade Wall |
| 15:17 | Construir | Palisade Wall |
| 15:18 | Construir | Palisade Wall |
| 15:19 | Construir | Palisade Wall |
| 15:24 | Crear | Villager (Male) |
| 15:31 | Crear | Archer |
| 15:41 | Construir | Settlement |
| 15:42 | Crear | Villager (Male) |
| 15:45 | Construir | Farm |
| 15:47 | Construir | Farm |
| 15:51 | Crear | Villager (Male) |
| 16:16 | Crear | Archer |
| 16:27 | Construir | Palisade Wall |
| 16:29 | Construir | Palisade Wall |
| 16:31 | Construir | Palisade Wall |
| 16:32 | Construir | Palisade Wall |
| 16:40 | Crear | Villager (Male) |
| 17:13 | Crear | Villager (Male) |
| 17:32 | Construir | Stone Wall |
| 17:35 | Construir | Gate |
| 17:47 | Crear | Villager (Male) |
| 17:50 | Construir | Farm |
| 17:50 | Construir | Farm |
| 17:52 | Crear | Villager (Male) |
| 18:23 | Crear | Villager (Male) |
| 18:26 | Construir | Farm |
| 18:26 | Construir | Farm |
| 18:26 | Construir | Farm |
| 18:45 | Construir | Outpost |
| 19:05 | Construir | Settlement |
| 19:10 | Crear | Villager (Male) |
| 19:53 | Construir | Stone Wall |
| 19:55 | Construir | Stone Wall |
| 19:57 | Crear | Villager (Male) |
| 20:00 | Construir | Farm |
| 20:01 | Construir | Farm |
| 20:02 | Crear | Villager (Male) |
| 20:47 | Investigar | Wheelbarrow |
| 21:29 | Construir | Blacksmith |
| 21:32 | Construir | Market |
| 22:02 | Construir | Stone Wall |
| 22:05 | Construir | Gate |
| 22:29 | Investigar | Castle Age |
| 22:44 | Construir | Outpost |
| 23:12 | Construir | Outpost |
| 23:35 | Construir | Stone Wall |
| 23:47 | Investigar | Horse Collar |
| 23:47 | Investigar | Double-Bit Axe |
| 24:00 | Construir | Outpost |
| 24:19 | Construir | Archery Range |
| 24:20 | Construir | Archery Range |
| 24:21 | Construir | Archery Range |
| 24:38 | Construir | Outpost |
| 24:39 | Construir | Outpost |
| 24:47 | Investigar | Fletching |
| 24:49 | Investigar | Padded Archer Armor |
| 25:09 | Edad | Edad de los Castillos |
| 25:10 | Crear | Villager (Male) |
| 25:32 | Construir | Town Center |
| 25:35 | Crear | Villager (Male) |
| 25:36 | Investigar | Bow Saw |
| 25:50 | Investigar | Town Watch |
| 25:58 | Construir | Outpost |
| 25:59 | Construir | Outpost |
| 26:03 | Crear | Villager (Male) |
| 26:53 | Crear | Villager (Male) |
| 27:02 | Crear | Villager (Male) |
| 27:06 | Investigar | Heavy Plow |
| 27:32 | Crear | Villager (Male) |
| 27:35 | Investigar | Elite Skirmisher (upgrade) |
| 27:35 | Crear | Skirmisher |
| 27:35 | Crear | Skirmisher |
| 27:35 | Crear | Skirmisher |
| 27:56 | Crear | Villager (Male) |
| 28:05 | Construir | University |
| 28:12 | Crear | Villager (Male) |
| 28:14 | Crear | Villager (Male) |
| 28:40 | Construir | Settlement |
| 28:42 | Construir | Farm |
| 28:42 | Construir | Farm |
| 28:43 | Construir | Farm |
| 28:43 | Construir | Farm |
| 28:43 | Construir | Farm |
| 28:43 | Construir | Farm |
| 28:44 | Construir | Farm |
| 28:44 | Construir | Farm |
| 28:53 | Crear | Skirmisher |
| 28:54 | Crear | Skirmisher |
| 28:57 | Crear | Villager (Male) |
| 28:58 | Crear | Villager (Male) |
| 28:59 | Crear | Villager (Male) |
| 29:04 | Construir | Farm |
| 29:04 | Construir | Farm |
| 29:04 | Construir | Farm |
| 29:05 | Construir | Farm |
| 29:05 | Construir | Farm |
| 29:05 | Construir | Farm |
| 29:12 | Construir | Farm |
| 29:17 | Construir | Farm |
Build order — Rayno
Primeras 150 de 222 acciones detectadas
| 0:02 | Investigar | Loom |
| 0:02 | Investigar | Loom |
| 0:02 | Crear | Villager (Male) |
| 0:03 | Crear | Villager (Male) |
| 0:04 | Construir | House |
| 0:06 | Construir | House |
| 0:18 | Crear | Villager (Male) |
| 0:18 | Crear | Villager (Male) |
| 0:19 | Crear | Villager (Male) |
| 1:55 | Crear | Villager (Male) |
| 2:13 | Crear | Villager (Male) |
| 2:13 | Crear | Villager (Male) |
| 2:28 | Construir | Lumber Camp |
| 2:58 | Crear | Villager (Male) |
| 2:58 | Crear | Villager (Male) |
| 3:47 | Crear | Villager (Male) |
| 3:48 | Crear | Villager (Male) |
| 3:48 | Crear | Villager (Male) |
| 3:58 | Construir | Palisade Wall |
| 4:03 | Construir | Palisade Wall |
| 4:24 | Construir | House |
| 4:52 | Crear | Villager (Male) |
| 4:53 | Crear | Villager (Male) |
| 5:13 | Crear | Villager (Male) |
| 5:24 | Crear | Villager (Male) |
| 5:39 | Construir | House |
| 5:42 | Construir | Dock |
| 5:50 | Crear | Villager (Male) |
| 6:40 | Crear | Villager (Male) |
| 7:02 | Crear | Fishing Ship |
| 7:13 | Crear | Villager (Male) |
| 7:14 | Crear | Villager (Male) |
| 7:25 | Crear | Villager (Male) |
| 7:25 | Crear | Villager (Male) |
| 7:44 | Crear | Fishing Ship |
| 8:24 | Crear | Villager (Male) |
| 8:26 | Crear | Fishing Ship |
| 8:32 | Construir | Mining Camp |
| 8:40 | Construir | Mill |
| 8:53 | Construir | House |
| 9:08 | Crear | Fishing Ship |
| 9:23 | Crear | Villager (Male) |
| 10:13 | Crear | Villager (Male) |
| 10:45 | Investigar | Feudal Age |
| 10:45 | Investigar | Feudal Age |
| 10:58 | Construir | House |
| 11:01 | Construir | House |
| 11:10 | Crear | Fishing Ship |
| 11:39 | Construir | Mill |
| 12:13 | Crear | Villager (Male) |
| 12:55 | Edad | Edad Feudal |
| 12:56 | Construir | Fish Trap |
| 13:04 | Construir | Market |
| 13:07 | Construir | Blacksmith |
| 13:13 | Crear | Villager (Male) |
| 13:24 | Construir | Stone Wall |
| 13:27 | Construir | Stone Wall |
| 13:31 | Construir | Gate |
| 13:42 | Construir | Mining Camp |
| 13:48 | Crear | Villager (Male) |
| 14:04 | Crear | Fishing Ship |
| 14:11 | Construir | Fish Trap |
| 14:15 | Crear | Villager (Male) |
| 14:31 | Investigar | Double-Bit Axe |
| 14:35 | Investigar | Castle Age |
| 14:55 | Construir | Fish Trap |
| 15:01 | Crear | Villager (Male) |
| 15:39 | Construir | Fish Trap |
| 15:51 | Construir | Fish Trap |
| 15:56 | Crear | Villager (Male) |
| 16:27 | Investigar | Gold Mining |
| 16:57 | Construir | Fish Trap |
| 17:20 | Edad | Edad de los Castillos |
| 17:38 | Crear | Villager (Male) |
| 17:44 | Construir | Town Center |
| 17:55 | Crear | Villager (Male) |
| 18:16 | Construir | Town Center |
| 18:20 | Crear | Villager (Male) |
| 18:20 | Crear | Villager (Male) |
| 18:27 | Construir | House |
| 18:29 | Construir | House |
| 18:54 | Crear | Villager (Male) |
| 19:03 | Crear | Villager (Male) |
| 19:09 | Investigar | Bow Saw |
| 19:14 | Crear | Villager (Male) |
| 19:19 | Crear | Villager (Male) |
| 19:45 | Construir | Castle |
| 20:15 | Construir | House |
| 20:21 | Construir | Stone Wall |
| 20:24 | Construir | Stone Wall |
| 21:12 | Crear | Villager (Male) |
| 21:13 | Crear | Villager (Male) |
| 21:14 | Crear | Villager (Male) |
| 21:20 | Construir | Siege Workshop |
| 21:34 | Construir | Monastery |
| 21:51 | Construir | Town Center |
| 21:54 | Crear | Villager (Male) |
| 21:55 | Crear | Villager (Male) |
| 21:55 | Crear | Villager (Male) |
| 22:07 | Construir | Farm |
| 22:07 | Construir | Farm |
| 22:07 | Construir | Farm |
| 22:07 | Construir | Farm |
| 22:08 | Construir | Farm |
| 22:08 | Construir | Farm |
| 22:08 | Construir | Farm |
| 22:08 | Construir | Farm |
| 22:08 | Construir | Farm |
| 22:08 | Construir | Farm |
| 22:12 | Crear | Monk |
| 22:35 | Crear | Villager (Male) |
| 22:35 | Crear | Villager (Male) |
| 22:37 | Construir | Farm |
| 22:38 | Construir | Farm |
| 22:38 | Construir | Farm |
| 22:38 | Construir | Farm |
| 22:38 | Construir | Farm |
| 22:38 | Construir | Farm |
| 22:39 | Construir | Farm |
| 22:39 | Construir | Farm |
| 22:57 | Construir | House |
| 23:43 | Crear | Villager (Male) |
| 23:43 | Crear | Villager (Male) |
| 23:43 | Crear | Villager (Male) |
| 24:11 | Crear | Monk |
| 24:33 | Construir | Farm |
| 24:33 | Construir | Farm |
| 24:33 | Construir | Farm |
| 24:34 | Construir | Farm |
| 24:34 | Construir | Farm |
| 24:34 | Construir | Farm |
| 24:34 | Construir | Farm |
| 24:58 | Crear | Mangonel |
| 26:01 | Crear | Villager (Male) |
| 26:02 | Crear | Villager (Male) |
| 26:23 | Crear | Villager (Male) |
| 26:24 | Crear | Villager (Male) |
| 26:53 | Crear | Villager (Male) |
| 26:53 | Crear | Villager (Male) |
| 27:11 | Construir | Farm |
| 27:14 | Construir | Farm |
| 27:15 | Construir | Farm |
| 28:11 | Crear | Villager (Male) |
| 28:11 | Crear | Villager (Male) |
| 28:15 | Crear | Mangonel |
| 28:15 | Crear | Mangonel |
| 29:41 | Construir | House |
| 29:57 | Construir | Barracks |
| 29:58 | Construir | Barracks |
| 30:09 | Crear | Villager (Male) |
Build order — Günyüzü
Primeras 150 de 295 acciones detectadas
| 0:01 | Crear | Villager (Male) |
| 0:01 | Crear | Villager (Male) |
| 0:04 | Construir | House |
| 0:06 | Construir | House |
| 0:17 | Crear | Villager (Male) |
| 0:17 | Crear | Villager (Male) |
| 0:18 | Crear | Villager (Male) |
| 1:44 | Crear | Villager (Male) |
| 1:44 | Crear | Villager (Male) |
| 1:47 | Construir | Lumber Camp |
| 2:03 | Crear | Villager (Male) |
| 2:03 | Crear | Villager (Male) |
| 2:03 | Crear | Villager (Male) |
| 2:16 | Crear | Villager (Male) |
| 2:17 | Crear | Villager (Male) |
| 2:57 | Crear | Villager (Male) |
| 2:57 | Crear | Villager (Male) |
| 2:57 | Crear | Villager (Male) |
| 3:21 | Crear | Villager (Male) |
| 3:22 | Crear | Villager (Male) |
| 3:39 | Crear | Villager (Male) |
| 3:53 | Construir | House |
| 3:54 | Construir | House |
| 3:56 | Construir | House |
| 4:06 | Crear | Villager (Male) |
| 4:06 | Crear | Villager (Male) |
| 4:07 | Crear | Villager (Male) |
| 4:25 | Construir | Mill |
| 4:32 | Crear | Villager (Male) |
| 5:03 | Crear | Villager (Male) |
| 5:09 | Crear | Villager (Male) |
| 5:31 | Construir | Farm |
| 5:48 | Crear | Villager (Male) |
| 5:56 | Construir | Farm |
| 6:14 | Crear | Villager (Male) |
| 6:41 | Construir | Farm |
| 6:43 | Crear | Villager (Male) |
| 7:00 | Crear | Villager (Male) |
| 7:25 | Crear | Villager (Male) |
| 7:52 | Crear | Villager (Male) |
| 7:56 | Construir | Farm |
| 8:07 | Construir | Mining Camp |
| 8:24 | Investigar | Feudal Age |
| 9:20 | Construir | Mining Camp |
| 10:29 | Investigar | Loom |
| 10:34 | Crear | Villager (Male) |
| 10:34 | Edad | Edad Feudal |
| 10:40 | Construir | Mill |
| 11:31 | Investigar | Castle Age |
| 11:31 | Investigar | Castle Age |
| 11:31 | Investigar | Castle Age |
| 12:11 | Investigar | Double-Bit Axe |
| 12:11 | Investigar | Double-Bit Axe |
| 12:42 | Investigar | Horse Collar |
| 13:25 | Investigar | Gold Mining |
| 13:25 | Investigar | Gold Mining |
| 13:53 | Investigar | Wheelbarrow |
| 14:11 | Edad | Edad de los Castillos |
| 14:39 | Construir | Castle |
| 15:25 | Construir | Farm |
| 15:29 | Construir | Farm |
| 15:32 | Crear | Villager (Male) |
| 15:55 | Crear | Ballista Elephant |
| 15:55 | Crear | Ballista Elephant |
| 16:09 | Crear | Villager (Male) |
| 16:12 | Crear | Villager (Male) |
| 16:17 | Construir | Farm |
| 16:41 | Crear | Ballista Elephant |
| 16:44 | Crear | Villager (Male) |
| 17:04 | Crear | Villager (Male) |
| 17:18 | Crear | Villager (Male) |
| 18:01 | Crear | Ballista Elephant |
| 18:01 | Crear | Ballista Elephant |
| 18:05 | Crear | Villager (Male) |
| 18:10 | Construir | Farm |
| 18:32 | Crear | Villager (Male) |
| 18:33 | Crear | Villager (Male) |
| 18:33 | Crear | Villager (Male) |
| 18:42 | Crear | Villager (Male) |
| 18:42 | Crear | Villager (Male) |
| 18:43 | Crear | Villager (Male) |
| 18:43 | Crear | Villager (Male) |
| 18:46 | Crear | Ballista Elephant |
| 18:46 | Crear | Ballista Elephant |
| 19:15 | Construir | Blacksmith |
| 19:29 | Crear | Ballista Elephant |
| 19:30 | Crear | Ballista Elephant |
| 19:30 | Crear | Ballista Elephant |
| 19:30 | Crear | Ballista Elephant |
| 19:31 | Crear | Villager (Male) |
| 19:48 | Crear | Villager (Male) |
| 19:53 | Investigar | Padded Archer Armor |
| 19:53 | Investigar | Padded Archer Armor |
| 19:53 | Investigar | Padded Archer Armor |
| 20:08 | Crear | Villager (Male) |
| 20:20 | Crear | Ballista Elephant |
| 20:32 | Construir | Mining Camp |
| 20:59 | Investigar | Fletching |
| 20:59 | Investigar | Fletching |
| 20:59 | Investigar | Fletching |
| 21:19 | Crear | Villager (Male) |
| 21:19 | Crear | Villager (Male) |
| 21:24 | Construir | Farm |
| 21:25 | Construir | Farm |
| 21:25 | Construir | Farm |
| 21:25 | Construir | Farm |
| 21:25 | Construir | Farm |
| 21:25 | Construir | Farm |
| 21:25 | Construir | Farm |
| 21:26 | Construir | Farm |
| 21:26 | Construir | Farm |
| 21:26 | Construir | Farm |
| 21:26 | Construir | Farm |
| 21:56 | Crear | Villager (Male) |
| 22:10 | Investigar | Loom |
| 22:22 | Investigar | Heavy Plow |
| 22:23 | Investigar | Heavy Plow |
| 22:28 | Crear | Villager (Male) |
| 23:24 | Construir | House |
| 23:28 | Investigar | Bow Saw |
| 23:28 | Investigar | Bow Saw |
| 23:49 | Crear | Villager (Male) |
| 23:49 | Crear | Villager (Male) |
| 23:50 | Crear | Ballista Elephant |
| 23:50 | Crear | Ballista Elephant |
| 24:00 | Crear | Villager (Male) |
| 24:01 | Crear | Villager (Male) |
| 24:13 | Construir | Market |
| 24:25 | Investigar | Leather Archer Armor |
| 24:25 | Investigar | Leather Archer Armor |
| 24:45 | Crear | Villager (Male) |
| 24:45 | Crear | Villager (Male) |
| 25:00 | Construir | Monastery |
| 25:03 | Crear | Ballista Elephant |
| 25:03 | Crear | Ballista Elephant |
| 25:03 | Crear | Ballista Elephant |
| 25:26 | Investigar | Stone Mining |
| 25:27 | Investigar | Stone Mining |
| 25:28 | Crear | Villager (Male) |
| 25:28 | Crear | Villager (Male) |
| 25:28 | Crear | Villager (Male) |
| 25:38 | Construir | House |
| 25:40 | Investigar | Devotion |
| 25:40 | Investigar | Devotion |
| 25:41 | Investigar | Devotion |
| 25:43 | Construir | House |
| 25:43 | Construir | House |
| 25:44 | Construir | House |
| 25:44 | Construir | House |
| 25:44 | Construir | House |
Build order — KIV.4dd44
Primeras 150 de 338 acciones detectadas
| 0:01 | Crear | Villager (Male) |
| 0:02 | Crear | Villager (Male) |
| 0:04 | Construir | House |
| 0:06 | Construir | House |
| 0:13 | Crear | Villager (Male) |
| 0:13 | Crear | Villager (Male) |
| 1:33 | Crear | Villager (Male) |
| 1:33 | Crear | Villager (Male) |
| 1:40 | Construir | Lumber Camp |
| 2:02 | Crear | Villager (Male) |
| 2:02 | Crear | Villager (Male) |
| 2:28 | Crear | Villager (Male) |
| 2:28 | Crear | Villager (Male) |
| 2:56 | Crear | Villager (Male) |
| 3:23 | Crear | Villager (Male) |
| 3:24 | Crear | Villager (Male) |
| 3:44 | Crear | Villager (Male) |
| 3:54 | Construir | House |
| 3:54 | Construir | House |
| 4:08 | Crear | Villager (Male) |
| 4:08 | Crear | Villager (Male) |
| 4:23 | Crear | Villager (Male) |
| 5:10 | Construir | Dock |
| 5:12 | Crear | Villager (Male) |
| 5:20 | Crear | Villager (Male) |
| 5:53 | Investigar | Loom |
| 5:59 | Crear | Fishing Ship |
| 6:00 | Crear | Fishing Ship |
| 6:02 | Crear | Villager (Male) |
| 6:21 | Construir | House |
| 6:29 | Crear | Villager (Male) |
| 6:48 | Construir | Palisade Wall |
| 6:59 | Crear | Villager (Male) |
| 7:01 | Crear | Villager (Male) |
| 7:06 | Construir | Palisade Wall |
| 7:13 | Crear | Villager (Male) |
| 7:32 | Crear | Villager (Male) |
| 8:25 | Construir | Mining Camp |
| 8:29 | Construir | Mining Camp |
| 8:32 | Crear | Fishing Ship |
| 8:34 | Construir | House |
| 8:45 | Crear | Villager (Male) |
| 8:54 | Construir | Mill |
| 9:12 | Investigar | Feudal Age |
| 9:32 | Construir | Barracks |
| 9:58 | Crear | Villager (Male) |
| 9:59 | Crear | Villager (Male) |
| 10:06 | Construir | House |
| 11:18 | Crear | Villager (Male) |
| 11:22 | Edad | Edad Feudal |
| 11:26 | Construir | Stable |
| 11:29 | Construir | Blacksmith |
| 11:36 | Crear | Fishing Ship |
| 12:18 | Crear | Villager (Male) |
| 12:28 | Construir | House |
| 12:47 | Investigar | Castle Age |
| 13:18 | Construir | Fish Trap |
| 13:20 | Crear | Fishing Ship |
| 13:24 | Investigar | Double-Bit Axe |
| 14:06 | Construir | Fish Trap |
| 14:25 | Crear | Villager (Male) |
| 14:32 | Construir | Fish Trap |
| 14:40 | Investigar | Tech 906 |
| 14:42 | Investigar | Gold Mining |
| 15:26 | Edad | Edad de los Castillos |
| 15:28 | Crear | Villager (Male) |
| 15:29 | Crear | Knight |
| 15:30 | Crear | Knight |
| 15:30 | Crear | Knight |
| 15:38 | Crear | Fishing Ship |
| 15:41 | Construir | Town Center |
| 15:54 | Crear | Villager (Male) |
| 15:55 | Construir | Farm |
| 15:57 | Construir | Farm |
| 15:59 | Construir | Farm |
| 16:01 | Construir | Farm |
| 16:09 | Crear | Villager (Male) |
| 16:13 | Crear | Knight ×2 |
| 16:14 | Crear | Knight ×2 |
| 16:36 | Crear | Knight |
| 16:45 | Crear | Knight |
| 17:07 | Crear | Knight |
| 17:07 | Crear | Knight |
| 17:08 | Crear | Knight |
| 17:11 | Crear | Villager (Male) ×3 |
| 17:24 | Construir | Fish Trap |
| 17:26 | Construir | Lumber Camp |
| 17:28 | Crear | Villager (Male) ×2 |
| 17:51 | Crear | Knight |
| 17:51 | Crear | Knight |
| 17:52 | Crear | Knight |
| 17:57 | Construir | Farm |
| 17:59 | Crear | Villager (Male) |
| 18:01 | Construir | House |
| 18:02 | Construir | House |
| 18:02 | Construir | House |
| 18:02 | Construir | House |
| 18:05 | Construir | House |
| 18:05 | Construir | House |
| 18:11 | Crear | Knight |
| 18:28 | Crear | Knight ×2 |
| 18:34 | Crear | Knight |
| 18:34 | Crear | Villager (Male) |
| 18:51 | Crear | Knight |
| 18:51 | Crear | Knight |
| 18:58 | Crear | Villager (Male) ×3 |
| 19:13 | Construir | Monastery |
| 19:16 | Construir | Town Center |
| 19:21 | Crear | Villager (Male) ×3 |
| 19:49 | Crear | Villager (Male) ×2 |
| 19:52 | Construir | Farm |
| 19:54 | Construir | Fish Trap |
| 20:02 | Crear | Villager (Male) |
| 20:08 | Construir | Lumber Camp |
| 20:11 | Crear | Villager (Male) |
| 20:12 | Crear | Monk |
| 20:13 | Crear | Monk |
| 20:16 | Construir | House |
| 20:18 | Construir | House |
| 20:20 | Construir | House |
| 20:35 | Crear | Villager (Male) ×2 |
| 20:40 | Crear | Villager (Male) |
| 20:47 | Construir | Farm |
| 20:52 | Investigar | Wheelbarrow |
| 20:52 | Investigar | Wheelbarrow |
| 20:52 | Investigar | Wheelbarrow |
| 21:00 | Crear | Villager (Male) |
| 21:03 | Investigar | Loom |
| 21:06 | Construir | Farm |
| 21:08 | Construir | Farm |
| 21:12 | Construir | Farm |
| 21:19 | Crear | Villager (Male) |
| 21:35 | Crear | Villager (Male) ×3 |
| 21:37 | Crear | Monk |
| 21:45 | Construir | House |
| 21:46 | Construir | House |
| 21:46 | Crear | Villager (Male) |
| 21:48 | Construir | Farm |
| 22:08 | Investigar | Scale Barding Armor |
| 22:08 | Investigar | Scale Barding Armor |
| 22:19 | Crear | Villager (Male) |
| 22:45 | Crear | Villager (Male) ×5 |
| 22:48 | Construir | House |
| 22:49 | Construir | House |
| 23:00 | Crear | Villager (Male) |
| 23:12 | Crear | Knight |
| 23:13 | Crear | Villager (Male) |
| 23:22 | Crear | Villager (Male) |
| 23:25 | Crear | Fishing Ship |
| 23:26 | Crear | Fishing Ship |
Build order — bzrl
144 acciones detectadas en el replay
| 0:01 | Crear | Villager (Male) |
| 0:01 | Crear | Villager (Male) |
| 0:01 | Crear | Villager (Male) |
| 0:02 | Crear | Villager (Male) |
| 0:03 | Construir | House |
| 0:04 | Construir | House |
| 0:06 | Construir | House |
| 1:45 | Crear | Villager (Male) |
| 2:19 | Crear | Villager (Male) |
| 2:19 | Crear | Villager (Male) |
| 2:36 | Crear | Villager (Male) |
| 2:37 | Crear | Villager (Male) |
| 3:24 | Crear | Villager (Male) |
| 3:24 | Crear | Villager (Male) |
| 3:24 | Crear | Villager (Male) |
| 3:57 | Crear | Villager (Male) |
| 3:58 | Crear | Villager (Male) |
| 4:19 | Crear | Villager (Male) |
| 4:19 | Crear | Villager (Male) |
| 4:38 | Crear | Villager (Male) |
| 5:15 | Construir | House |
| 5:36 | Construir | Lumber Camp |
| 5:42 | Crear | Villager (Male) |
| 5:43 | Crear | Villager (Male) |
| 5:43 | Crear | Villager (Male) |
| 5:52 | Construir | House |
| 6:05 | Construir | House |
| 6:11 | Construir | Palisade Wall |
| 6:54 | Construir | Dock |
| 7:04 | Crear | Villager (Male) |
| 7:04 | Crear | Villager (Male) |
| 7:04 | Crear | Villager (Male) |
| 7:16 | Construir | House |
| 7:18 | Construir | House |
| 7:19 | Construir | House |
| 7:37 | Construir | Palisade Gate |
| 8:04 | Construir | Mill |
| 8:06 | Crear | Villager (Male) |
| 8:06 | Crear | Villager (Male) |
| 8:12 | Crear | Fishing Ship |
| 8:12 | Crear | Fishing Ship |
| 9:11 | Construir | Mill |
| 9:47 | Crear | Villager (Male) |
| 9:47 | Crear | Villager (Male) |
| 9:47 | Crear | Villager (Male) |
| 9:48 | Crear | Villager (Male) |
| 9:48 | Crear | Villager (Male) |
| 9:48 | Crear | Villager (Male) |
| 10:31 | Crear | Villager (Male) |
| 10:31 | Crear | Villager (Male) |
| 10:41 | Crear | Fishing Ship |
| 11:08 | Crear | Fishing Ship |
| 11:14 | Construir | House |
| 11:17 | Construir | House |
| 12:16 | Construir | Lumber Camp |
| 12:33 | Construir | Lumber Camp |
| 12:48 | Investigar | Feudal Age |
| 13:19 | Construir | House |
| 14:10 | Construir | Palisade Gate |
| 14:52 | Construir | Mill |
| 14:58 | Edad | Edad Feudal |
| 15:22 | Crear | Villager (Male) |
| 15:23 | Crear | Villager (Male) |
| 15:23 | Crear | Villager (Male) |
| 15:23 | Crear | Villager (Male) |
| 15:59 | Construir | Watch Tower |
| 16:32 | Construir | Gate |
| 16:51 | Construir | Gate |
| 17:03 | Crear | Villager (Male) |
| 17:03 | Crear | Villager (Male) |
| 17:04 | Crear | Villager (Male) |
| 17:04 | Crear | Villager (Male) |
| 17:38 | Construir | Mining Camp |
| 17:42 | Investigar | Loom |
| 18:08 | Construir | Market |
| 18:12 | Construir | House |
| 18:22 | Construir | House |
| 18:44 | Crear | Villager (Male) |
| 18:44 | Crear | Villager (Male) |
| 18:44 | Crear | Villager (Male) |
| 18:45 | Crear | Villager (Male) |
| 19:12 | Construir | Watch Tower |
| 19:26 | Construir | Gate |
| 19:33 | Construir | House |
| 20:02 | Construir | Watch Tower |
| 21:58 | Crear | Villager (Male) |
| 22:44 | Construir | Mill |
| 23:46 | Crear | Villager (Male) |
| 23:47 | Crear | Villager (Male) |
| 25:51 | Crear | Villager (Male) |
| 25:51 | Crear | Villager (Male) |
| 26:38 | Construir | Mill |
| 27:12 | Construir | Mill |
| 27:14 | Construir | Farm |
| 27:14 | Construir | Farm |
| 27:14 | Construir | Farm |
| 27:15 | Construir | Farm |
| 27:15 | Construir | Farm |
| 27:15 | Construir | Farm |
| 27:25 | Construir | Farm |
| 27:26 | Construir | Farm |
| 27:26 | Construir | Farm |
| 27:27 | Construir | Farm |
| 27:27 | Construir | Farm |
| 27:28 | Construir | Farm |
| 27:28 | Construir | Farm |
| 27:31 | Investigar | Horse Collar |
| 28:39 | Crear | Villager (Male) |
| 28:40 | Crear | Villager (Male) |
| 28:40 | Crear | Villager (Male) |
| 29:02 | Construir | House |
| 29:05 | Construir | House |
| 29:14 | Construir | Stone Wall |
| 30:15 | Crear | Villager (Male) |
| 30:15 | Crear | Villager (Male) |
| 30:16 | Crear | Villager (Male) |
| 30:16 | Crear | Villager (Male) |
| 30:16 | Crear | Villager (Male) |
| 30:17 | Crear | Villager (Male) |
| 30:35 | Crear | Villager (Male) |
| 30:36 | Crear | Villager (Male) |
| 30:36 | Crear | Villager (Male) |
| 30:36 | Crear | Villager (Male) |
| 32:05 | Crear | Villager (Male) |
| 32:06 | Crear | Villager (Male) |
| 32:06 | Crear | Villager (Male) |
| 32:16 | Crear | Villager (Male) |
| 32:16 | Crear | Villager (Male) |
| 32:36 | Crear | Villager (Male) |
| 32:54 | Construir | House |
| 32:57 | Construir | House |
| 33:27 | Construir | Blacksmith |
| 34:42 | Construir | Lumber Camp |
| 35:00 | Construir | Town Center |
| 35:16 | Investigar | Double-Bit Axe |
| 36:03 | Construir | Gate |
| 36:20 | Investigar | Castle Age |
| 36:39 | Construir | Gate |
| 36:48 | Construir | Stone Wall |
| 37:11 | Crear | Villager (Male) |
| 37:11 | Crear | Villager (Male) |
| 37:11 | Crear | Villager (Male) |
| 37:12 | Crear | Villager (Male) |
| 37:12 | Crear | Villager (Male) |
Build order — Yellowping
Primeras 150 de 334 acciones detectadas
| 0:02 | Crear | Villager (Male) |
| 0:03 | Crear | Villager (Male) |
| 0:04 | Construir | House |
| 0:05 | Construir | House |
| 0:11 | Crear | Villager (Male) |
| 0:11 | Crear | Villager (Male) |
| 1:28 | Crear | Villager (Male) |
| 1:29 | Crear | Villager (Male) |
| 1:29 | Crear | Villager (Male) |
| 1:55 | Construir | Lumber Camp |
| 2:04 | Crear | Villager (Male) |
| 2:04 | Crear | Villager (Male) |
| 2:22 | Crear | Villager (Male) |
| 2:23 | Crear | Villager (Male) |
| 2:56 | Crear | Villager (Male) |
| 2:56 | Crear | Villager (Male) |
| 2:56 | Crear | Villager (Male) |
| 3:09 | Crear | Villager (Male) |
| 3:50 | Construir | House |
| 3:57 | Crear | Villager (Male) |
| 3:57 | Crear | Villager (Male) |
| 3:58 | Crear | Villager (Male) |
| 4:27 | Construir | Mill |
| 4:31 | Crear | Villager (Male) |
| 4:31 | Crear | Villager (Male) |
| 4:31 | Crear | Villager (Male) |
| 4:51 | Crear | Villager (Male) |
| 4:51 | Crear | Villager (Male) |
| 5:21 | Crear | Villager (Male) |
| 5:21 | Crear | Villager (Male) |
| 5:21 | Crear | Villager (Male) |
| 6:07 | Crear | Villager (Male) |
| 6:07 | Crear | Villager (Male) |
| 6:14 | Construir | House |
| 6:17 | Crear | Villager (Male) |
| 6:43 | Construir | Mining Camp |
| 6:48 | Crear | Villager (Male) |
| 7:55 | Crear | Villager (Male) |
| 7:55 | Crear | Villager (Male) |
| 8:28 | Investigar | Feudal Age |
| 8:28 | Investigar | Feudal Age |
| 9:31 | Construir | House |
| 10:38 | Edad | Edad Feudal |
| 10:41 | Crear | Villager (Male) |
| 10:48 | Crear | Villager (Male) |
| 11:07 | Construir | Market |
| 11:08 | Construir | Blacksmith |
| 11:10 | Crear | Villager (Male) |
| 11:20 | Crear | Villager (Male) |
| 12:12 | Crear | Villager (Male) |
| 12:19 | Construir | Dock |
| 12:49 | Investigar | Castle Age |
| 12:50 | Investigar | Castle Age |
| 12:59 | Crear | Fishing Ship |
| 13:42 | Crear | Fishing Ship |
| 14:07 | Investigar | Double-Bit Axe |
| 14:08 | Investigar | Double-Bit Axe |
| 14:08 | Investigar | Horse Collar |
| 14:08 | Investigar | Horse Collar |
| 14:08 | Investigar | Horse Collar |
| 14:24 | Crear | Fishing Ship |
| 14:28 | Construir | House |
| 15:29 | Edad | Edad de los Castillos |
| 15:31 | Crear | Villager (Male) |
| 15:44 | Crear | Villager (Male) |
| 15:48 | Construir | Town Center |
| 15:51 | Crear | Villager (Male) |
| 15:52 | Crear | Villager (Male) |
| 15:56 | Construir | Farm |
| 15:57 | Construir | Farm |
| 15:59 | Construir | Farm |
| 16:17 | Investigar | Bow Saw |
| 16:17 | Investigar | Bow Saw |
| 16:33 | Crear | Villager (Male) |
| 16:39 | Construir | House |
| 16:42 | Investigar | Loom |
| 16:42 | Investigar | Loom |
| 16:51 | Construir | Farm |
| 17:09 | Crear | Villager (Male) |
| 17:14 | Crear | Villager (Male) |
| 17:36 | Crear | Villager (Male) |
| 17:41 | Construir | House |
| 17:47 | Crear | Villager (Male) |
| 17:52 | Construir | Farm |
| 17:54 | Investigar | Heavy Plow |
| 17:55 | Investigar | Heavy Plow |
| 17:56 | Crear | Villager (Male) |
| 18:05 | Construir | Town Center |
| 18:12 | Construir | House |
| 18:27 | Crear | Villager (Male) |
| 18:29 | Crear | Villager (Male) |
| 18:32 | Crear | Villager (Male) |
| 18:34 | Crear | Villager (Male) |
| 18:57 | Construir | Town Center |
| 19:00 | Crear | Villager (Male) |
| 19:03 | Construir | Lumber Camp |
| 19:11 | Crear | Villager (Male) |
| 19:11 | Crear | Villager (Male) |
| 19:14 | Construir | House |
| 19:14 | Crear | Villager (Male) |
| 19:21 | Crear | Villager (Male) |
| 19:25 | Construir | Farm |
| 19:30 | Construir | Farm |
| 19:32 | Construir | Farm |
| 19:32 | Construir | Farm |
| 19:36 | Crear | Villager (Male) |
| 19:39 | Crear | Villager (Male) |
| 19:40 | Construir | Farm |
| 19:44 | Construir | Farm |
| 19:48 | Construir | House |
| 19:58 | Construir | Farm |
| 20:03 | Construir | Farm |
| 20:07 | Crear | Villager (Male) |
| 20:07 | Crear | Villager (Male) |
| 20:19 | Crear | Villager (Male) |
| 20:25 | Crear | Villager (Male) |
| 20:33 | Construir | Farm |
| 20:33 | Crear | Villager (Male) |
| 20:38 | Construir | Fish Trap |
| 20:51 | Construir | Barracks |
| 20:55 | Construir | House |
| 21:02 | Construir | Fish Trap |
| 21:02 | Crear | Villager (Male) |
| 21:02 | Crear | Villager (Male) |
| 21:05 | Construir | Fish Trap |
| 21:14 | Construir | Stone Wall |
| 21:25 | Crear | Villager (Male) |
| 21:28 | Crear | Villager (Male) |
| 21:31 | Construir | Mining Camp |
| 21:34 | Crear | Villager (Male) |
| 21:36 | Construir | House |
| 21:47 | Construir | Farm |
| 21:48 | Construir | Farm |
| 22:02 | Crear | Villager (Male) |
| 22:08 | Construir | Stable |
| 22:12 | Construir | Farm |
| 22:13 | Crear | Villager (Male) |
| 22:14 | Crear | Villager (Male) |
| 22:18 | Construir | Farm |
| 22:19 | Construir | Farm |
| 22:22 | Construir | House |
| 22:22 | Construir | House |
| 22:22 | Construir | House |
| 22:27 | Construir | Gate |
| 22:29 | Construir | Stone Wall |
| 22:32 | Crear | Villager (Male) |
| 22:38 | Crear | Villager (Male) |
| 22:42 | Construir | Farm |
| 22:44 | Construir | Farm |
| 22:46 | Crear | Villager (Male) |
Build order — tarkanfb7
Primeras 150 de 199 acciones detectadas
| 0:03 | Construir | House |
| 0:04 | Crear | Villager (Male) ×4 |
| 0:05 | Crear | Villager (Male) ×4 |
| 0:07 | Construir | House |
| 1:33 | Crear | Villager (Male) |
| 1:33 | Crear | Villager (Male) |
| 1:34 | Crear | Villager (Male) |
| 2:12 | Crear | Villager (Male) |
| 2:12 | Crear | Villager (Male) |
| 2:25 | Crear | Villager (Male) |
| 2:25 | Crear | Villager (Male) |
| 3:02 | Crear | Villager (Male) |
| 3:03 | Crear | Villager (Male) |
| 3:07 | Construir | Mill |
| 3:50 | Crear | Villager (Male) ×2 |
| 3:50 | Crear | Villager (Male) ×2 |
| 3:50 | Crear | Villager (Male) ×2 |
| 4:09 | Crear | Villager (Male) |
| 4:09 | Crear | Villager (Male) |
| 4:39 | Construir | House |
| 4:47 | Construir | Lumber Camp |
| 4:50 | Crear | Villager (Male) |
| 4:50 | Crear | Villager (Male) |
| 5:12 | Crear | Villager (Male) |
| 5:13 | Crear | Villager (Male) |
| 5:13 | Crear | Villager (Male) |
| 5:41 | Crear | Villager (Male) ×2 |
| 5:42 | Crear | Villager (Male) ×2 |
| 5:42 | Crear | Villager (Male) ×2 |
| 5:46 | Construir | House |
| 6:09 | Crear | Villager (Male) |
| 6:09 | Crear | Villager (Male) |
| 6:45 | Construir | House |
| 6:56 | Construir | Farm |
| 7:01 | Crear | Villager (Male) |
| 7:16 | Construir | Farm |
| 7:30 | Crear | Villager (Male) |
| 7:46 | Construir | Farm |
| 8:09 | Construir | Farm |
| 8:12 | Investigar | Loom |
| 8:31 | Crear | Villager (Male) |
| 8:31 | Crear | Villager (Male) |
| 9:06 | Construir | Farm |
| 9:09 | Crear | Villager (Male) |
| 9:41 | Construir | Farm |
| 9:44 | Investigar | Feudal Age |
| 10:15 | Construir | Farm |
| 10:18 | Crear | Villager (Male) |
| 10:18 | Crear | Villager (Male) |
| 10:40 | Crear | Villager (Male) |
| 11:43 | Construir | Barracks |
| 12:02 | Edad | Edad Feudal |
| 12:09 | Crear | Villager (Male) |
| 12:10 | Crear | Villager (Male) |
| 12:20 | Construir | Blacksmith |
| 12:23 | Investigar | Double-Bit Axe |
| 12:25 | Investigar | Horse Collar |
| 12:37 | Crear | Villager (Male) |
| 13:19 | Crear | Villager (Male) |
| 13:30 | Construir | Mining Camp |
| 13:34 | Crear | Villager (Male) |
| 14:31 | Investigar | Fletching |
| 14:37 | Construir | Farm |
| 14:55 | Crear | Villager (Male) |
| 15:19 | Construir | Farm |
| 15:27 | Crear | Villager (Male) |
| 15:32 | Construir | Farm |
| 16:04 | Construir | Farm |
| 16:06 | Crear | Villager (Male) |
| 16:34 | Crear | Villager (Male) |
| 16:40 | Construir | Market |
| 16:44 | Construir | Farm |
| 17:06 | Investigar | Castle Age |
| 17:08 | Construir | Farm |
| 17:13 | Construir | Mining Camp |
| 18:03 | Crear | Spearman ×5 |
| 18:03 | Crear | Spearman ×5 |
| 18:04 | Crear | Spearman ×3 |
| 18:14 | Construir | House |
| 18:29 | Construir | House |
| 19:39 | Investigar | Fletching |
| 19:46 | Edad | Edad de los Castillos |
| 20:02 | Crear | Villager (Male) |
| 20:02 | Crear | Villager (Male) |
| 20:02 | Crear | Villager (Male) |
| 20:02 | Crear | Villager (Male) |
| 20:19 | Construir | Castle |
| 20:33 | Crear | Villager (Male) |
| 20:33 | Crear | Villager (Male) |
| 20:33 | Crear | Villager (Male) |
| 21:02 | Construir | Town Center |
| 21:41 | Crear | Villager (Male) |
| 21:53 | Construir | Farm |
| 21:53 | Construir | Farm |
| 21:54 | Construir | Farm |
| 21:54 | Construir | Farm |
| 21:58 | Crear | Villager (Male) |
| 22:05 | Construir | Farm |
| 22:07 | Construir | Farm |
| 22:09 | Construir | Farm |
| 22:34 | Crear | Spearman ×2 |
| 22:35 | Crear | Spearman ×2 |
| 22:47 | Investigar | Bodkin Arrow |
| 23:06 | Crear | Conquistador |
| 23:06 | Crear | Conquistador |
| 23:07 | Crear | Conquistador |
| 23:07 | Crear | Conquistador |
| 23:42 | Crear | Conquistador |
| 23:50 | Crear | Villager (Male) |
| 24:47 | Investigar | Squires |
| 25:00 | Construir | Farm |
| 25:02 | Construir | Farm |
| 25:04 | Crear | Villager (Male) |
| 25:04 | Crear | Villager (Male) |
| 25:04 | Crear | Villager (Male) |
| 25:09 | Crear | Villager (Male) |
| 25:10 | Crear | Villager (Male) |
| 25:10 | Crear | Villager (Male) |
| 25:23 | Crear | Villager (Male) |
| 25:23 | Crear | Villager (Male) |
| 26:42 | Construir | House |
| 26:44 | Construir | House |
| 26:45 | Construir | House |
| 26:47 | Construir | House |
| 26:58 | Construir | Castle |
| 27:02 | Crear | Conquistador ×2 |
| 27:02 | Crear | Conquistador ×2 |
| 27:02 | Crear | Conquistador ×2 |
| 27:46 | Crear | Villager (Male) |
| 27:54 | Construir | House |
| 27:57 | Crear | Villager (Male) ×2 |
| 27:57 | Crear | Villager (Male) ×2 |
| 28:19 | Construir | Mining Camp |
| 29:09 | Crear | Villager (Male) |
| 29:10 | Crear | Villager (Male) |
| 29:10 | Crear | Villager (Male) |
| 29:21 | Construir | Monastery |
| 29:27 | Construir | House |
| 29:30 | Construir | House |
| 29:32 | Construir | House |
| 29:34 | Construir | House |
| 29:35 | Construir | House |
| 29:38 | Crear | Villager (Male) |
| 29:38 | Crear | Villager (Male) |
| 29:45 | Crear | Villager (Male) |
| 29:46 | Crear | Villager (Male) |
| 30:22 | Crear | Conquistador ×2 |
| 30:23 | Crear | Conquistador ×2 |
| 30:23 | Crear | Conquistador ×2 |
| 30:29 | Crear | Missionary |
Build order — akturan
Primeras 150 de 222 acciones detectadas
| 0:02 | Crear | Villager (Male) |
| 0:02 | Crear | Villager (Male) |
| 0:02 | Crear | Villager (Male) |
| 0:02 | Crear | Villager (Male) |
| 0:04 | Construir | House |
| 0:06 | Construir | House |
| 1:40 | Crear | Villager (Male) |
| 1:40 | Crear | Villager (Male) |
| 2:27 | Crear | Villager (Male) |
| 2:27 | Crear | Villager (Male) |
| 2:55 | Crear | Villager (Male) |
| 2:55 | Crear | Villager (Male) |
| 2:56 | Crear | Villager (Male) |
| 3:11 | Construir | House |
| 3:16 | Construir | House |
| 3:26 | Construir | House |
| 3:38 | Crear | Villager (Male) |
| 3:39 | Crear | Villager (Male) |
| 3:39 | Crear | Villager (Male) |
| 4:20 | Crear | Villager (Male) |
| 4:20 | Crear | Villager (Male) |
| 4:21 | Crear | Villager (Male) |
| 4:34 | Construir | Lumber Camp |
| 5:17 | Crear | Villager (Male) |
| 5:17 | Crear | Villager (Male) |
| 5:18 | Crear | Villager (Male) |
| 5:32 | Crear | Villager (Male) |
| 5:32 | Crear | Villager (Male) |
| 5:33 | Crear | Villager (Male) |
| 5:58 | Crear | Villager (Male) |
| 5:58 | Crear | Villager (Male) |
| 5:58 | Crear | Villager (Male) |
| 6:16 | Crear | Villager (Male) |
| 6:43 | Construir | Mill |
| 7:52 | Crear | Villager (Male) |
| 8:38 | Crear | Villager (Male) |
| 8:41 | Crear | Villager (Male) |
| 9:18 | Crear | Villager (Male) |
| 9:35 | Investigar | Feudal Age |
| 9:44 | Construir | Dock |
| 10:56 | Crear | Villager (Male) |
| 11:13 | Crear | Fishing Ship |
| 11:37 | Crear | Villager (Male) |
| 12:00 | Crear | Villager (Male) |
| 12:03 | Edad | Edad Feudal |
| 12:18 | Construir | Stone Wall |
| 12:21 | Crear | Villager (Male) |
| 12:35 | Construir | Market |
| 12:40 | Construir | Blacksmith |
| 12:44 | Crear | Villager (Male) |
| 12:53 | Crear | Fishing Ship |
| 12:54 | Crear | Fishing Ship |
| 14:23 | Investigar | Castle Age |
| 14:36 | Construir | Mining Camp |
| 14:48 | Construir | House |
| 14:53 | Construir | Mining Camp |
| 15:05 | Crear | Villager (Male) |
| 15:13 | Construir | Farm |
| 15:14 | Construir | Farm |
| 15:15 | Construir | Farm |
| 15:22 | Investigar | Double-Bit Axe |
| 16:14 | Investigar | Horse Collar |
| 16:54 | Crear | Villager (Male) |
| 17:03 | Edad | Edad de los Castillos |
| 17:06 | Crear | Villager (Male) |
| 17:23 | Crear | Villager (Male) |
| 17:35 | Construir | Farm |
| 17:35 | Construir | Farm |
| 17:36 | Construir | Farm |
| 17:38 | Construir | Farm |
| 17:39 | Construir | Farm |
| 17:54 | Crear | Villager (Male) |
| 18:30 | Construir | Barracks |
| 18:38 | Crear | Villager (Male) |
| 18:41 | Crear | Demolition Raft |
| 18:54 | Crear | Villager (Male) |
| 18:59 | Construir | House |
| 19:12 | Investigar | Loom |
| 19:15 | Crear | Villager (Male) |
| 19:38 | Crear | Villager (Male) |
| 19:41 | Crear | Spearman |
| 19:42 | Crear | Spearman |
| 19:42 | Crear | Spearman |
| 19:58 | Construir | Castle |
| 20:32 | Construir | House |
| 21:29 | Construir | Siege Workshop |
| 21:31 | Crear | Villager (Male) |
| 21:31 | Crear | Villager (Male) |
| 21:31 | Crear | Villager (Male) |
| 21:37 | Construir | Town Center |
| 21:54 | Construir | Mining Camp |
| 22:07 | Crear | Villager (Male) |
| 22:07 | Crear | Villager (Male) |
| 22:10 | Crear | Spearman |
| 22:14 | Crear | Villager (Male) |
| 22:14 | Crear | Villager (Male) |
| 22:42 | Construir | House |
| 22:43 | Construir | House |
| 22:55 | Crear | Battering Ram |
| 22:56 | Crear | Battering Ram |
| 23:03 | Crear | Boyar |
| 23:03 | Crear | Boyar |
| 23:03 | Crear | Boyar |
| 23:12 | Construir | Farm |
| 23:13 | Construir | Farm |
| 23:17 | Crear | Villager (Male) |
| 24:08 | Crear | Battering Ram |
| 24:08 | Crear | Battering Ram |
| 24:18 | Crear | Villager (Male) |
| 24:18 | Crear | Villager (Male) |
| 24:35 | Construir | Castle |
| 24:55 | Construir | House |
| 25:24 | Crear | Battering Ram |
| 25:24 | Crear | Battering Ram |
| 25:30 | Crear | Villager (Male) |
| 25:30 | Crear | Villager (Male) |
| 25:35 | Crear | Villager (Male) |
| 25:35 | Crear | Villager (Male) |
| 25:42 | Crear | Villager (Male) |
| 25:43 | Crear | Villager (Male) |
| 25:46 | Construir | House |
| 26:14 | Construir | Lumber Camp |
| 27:06 | Crear | Battering Ram |
| 27:06 | Crear | Battering Ram |
| 27:17 | Crear | Villager (Male) |
| 27:17 | Crear | Villager (Male) |
| 27:24 | Construir | Fish Trap |
| 27:24 | Construir | Fish Trap |
| 27:25 | Construir | Fish Trap |
| 27:25 | Construir | Fish Trap |
| 27:25 | Construir | Fish Trap |
| 27:45 | Investigar | Fletching |
| 27:57 | Investigar | Bow Saw |
| 27:59 | Crear | Villager (Male) |
| 28:04 | Construir | Farm |
| 28:05 | Construir | Farm |
| 28:13 | Construir | Farm |
| 28:14 | Construir | Farm |
| 28:15 | Construir | Farm |
| 28:16 | Construir | Farm |
| 28:17 | Construir | Farm |
| 28:33 | Crear | Boyar |
| 28:33 | Crear | Boyar |
| 28:33 | Crear | Boyar |
| 28:38 | Crear | Spearman |
| 28:39 | Crear | Spearman |
| 29:27 | Crear | Battering Ram |
| 29:29 | Crear | Villager (Male) |
| 29:29 | Crear | Villager (Male) |
| 29:33 | Crear | Villager (Male) |
Cronología de la partida
| 3:58 | Rayno · wall_segment Palisade Wall x3 |
| 4:03 | Rayno · wall_segment Palisade Wall x5 |
| 5:10 | KIV.4dd44 · first_building Dock |
| 5:42 | Rayno · first_building Dock |
| 6:11 | bzrl · wall_segment Palisade Wall x1 |
| 6:48 | KIV.4dd44 · wall_segment Palisade Wall x1 |
| 6:54 | bzrl · first_building Dock |
| 7:06 | KIV.4dd44 · wall_segment Palisade Wall x1 |
| 8:48 | Mezsar · first_building Barracks |
| 9:32 | KIV.4dd44 · first_building Barracks |
| 9:44 | akturan · first_building Dock |
| 10:34 | Günyüzü · age_up feudal |
| 10:38 | Yellowping · age_up feudal |
| 10:39 | Mezsar · age_up feudal |
| 11:22 | KIV.4dd44 · age_up feudal |
| 11:26 | KIV.4dd44 · first_building Stable |
| 11:43 | tarkanfb7 · first_building Barracks |
| 12:02 | tarkanfb7 · age_up feudal |
| 12:03 | akturan · age_up feudal |
| 12:18 | akturan · wall_segment Stone Wall x9 |
| 12:19 | Yellowping · first_building Dock |
| 12:55 | Rayno · age_up feudal |
| 13:24 | Rayno · wall_segment Stone Wall x7 |
| 13:27 | Rayno · wall_segment Stone Wall x7 |
| 14:01 | akturan · first_market_sell 100 wood |
| 14:11 | Günyüzü · age_up castle |
| 14:25 | Mezsar · first_building Archery Range |
| 14:39 | Günyüzü · first_building Castle |
| 14:58 | bzrl · age_up feudal |
| 15:13 | Mezsar · wall_segment Palisade Wall x3 |
| 15:14 | Mezsar · wall_segment Palisade Wall x4 |
| 15:17 | Mezsar · wall_segment Palisade Wall x4 |
| 15:18 | Mezsar · wall_segment Palisade Wall x2 |
| 15:19 | Mezsar · wall_segment Palisade Wall x1 |
| 15:26 | KIV.4dd44 · age_up castle |
| 15:29 | Yellowping · age_up castle |
| 16:27 | Mezsar · wall_segment Palisade Wall x3 |
| 16:29 | Mezsar · wall_segment Palisade Wall x3 |
| 16:31 | Mezsar · wall_segment Palisade Wall x4 |
| 16:32 | Mezsar · wall_segment Palisade Wall x4 |
| 17:03 | akturan · age_up castle |
| 17:20 | Rayno · age_up castle |
| 17:32 | Mezsar · wall_segment Stone Wall x10 |
| 18:30 | akturan · first_building Barracks |
| 18:42 | Yellowping · first_market_buy 100 stone |
| 19:00 | bzrl · first_market_sell 100 wood |
| 19:03 | bzrl · first_market_buy 100 stone |
| 19:13 | KIV.4dd44 · first_building Monastery |
| 19:35 | Rayno · first_market_sell 100 food |
| 19:36 | Rayno · first_market_buy 100 stone |
| 19:45 | Rayno · first_building Castle |
| 19:46 | tarkanfb7 · age_up castle |
| 19:53 | Mezsar · wall_segment Stone Wall x4 |
| 19:55 | Mezsar · wall_segment Stone Wall x5 |
| 19:58 | akturan · first_building Castle |
| 20:19 | tarkanfb7 · first_building Castle |
| 20:21 | Rayno · wall_segment Stone Wall x7 |
| 20:24 | Rayno · wall_segment Stone Wall x8 |
| 20:51 | Yellowping · first_building Barracks |
| 21:14 | Yellowping · wall_segment Stone Wall x9 |
| 21:20 | Rayno · first_building Siege Workshop |
| 21:29 | akturan · first_building Siege Workshop |
| 21:34 | Rayno · first_building Monastery |
| 22:02 | Mezsar · wall_segment Stone Wall x9 |
| 22:08 | Yellowping · first_building Stable |
| 22:29 | Yellowping · wall_segment Stone Wall x3 |
| 22:42 | tarkanfb7 · first_market_buy 100 food |
| 23:35 | Mezsar · wall_segment Stone Wall x11 |
| 24:52 | Günyüzü · first_market_buy 100 food |
| 25:00 | Günyüzü · first_building Monastery |
| 25:09 | Mezsar · age_up castle |
| 26:20 | tarkanfb7 · first_market_sell 500 wood |
| 26:20 | Yellowping · first_building Monastery |
| 27:11 | Yellowping · first_building Castle |
| 27:24 | KIV.4dd44 · first_building Siege Workshop |
| 29:14 | bzrl · wall_segment Stone Wall x1 |
| 29:21 | tarkanfb7 · first_building Monastery |
| 29:57 | Rayno · first_building Barracks |
| 31:24 | Yellowping · age_up imperial |
| 32:01 | KIV.4dd44 · age_up imperial |
| 32:05 | Yellowping · first_building Siege Workshop |
| 32:33 | KIV.4dd44 · first_building Castle |
| 32:40 | Mezsar · first_building Castle |
| 33:09 | tarkanfb7 · first_building Stable |
| 33:11 | Yellowping · first_market_sell 100 food |
| 33:16 | tarkanfb7 · tribute_sent a jugador 1 |
| 33:16 | tarkanfb7 · tribute_sent a jugador 2 |
| 33:16 | tarkanfb7 · tribute_sent a jugador 3 |
| 33:16 | tarkanfb7 · tribute_sent a jugador 4 |
| 33:16 | tarkanfb7 · tribute_sent a jugador 5 |
| 33:16 | tarkanfb7 · tribute_sent a jugador 7 |
| 33:16 | tarkanfb7 · tribute_sent a jugador 8 |
| 34:54 | KIV.4dd44 · first_market_sell 500 food |
| 36:24 | KIV.4dd44 · wall_segment Palisade Wall x3 |
| 36:48 | bzrl · wall_segment Stone Wall x2 |
| 37:02 | tarkanfb7 · wall_segment Palisade Wall x7 |
| 37:09 | Mezsar · first_building Siege Workshop |
| 37:27 | Yellowping · first_building Archery Range |
| 37:35 | akturan · resign |
[ ANÁLISIS IA · 1 CRÉDITO ]
¿Qué pasó realmente en esta partida?
Wolo.gg analiza cada decisión: build order, eco, micro, errores típicos por bracket. Análisis personalizado por WhatsApp o Discord en 30 segundos.
Guía civ
Incas
Perfil
Jugador #14094577